 Dungeon Crawl Stone Soup version 0.26.0-20-g3ca415f5b8 (webtiles) character file.

Game seed: 6726717195840173136

147 weicynow the Chopper (level 5, -1/49 HPs)
             Began as a Palentonga Fighter on Jan 26, 2021.
             Was an Initiate of Trog.
             Succumbed to a killer bee's poison
             ... on level 3 of the Dungeon.
             The game lasted 00:15:55 (2064 turns).

weicynow the Chopper (Palentonga Fighter)           Turns: 2064, Time: 00:15:55

Health: -1/49      AC:  6    Str: 19    XL:     5   Next: 8%
Magic:  5/5        EV:  6    Int:  8    God:    Trog [......]
Gold:   184        SH:  8    Dex: 11    Spells: 4/4 levels left

rFire    . . .     SeeInvis +   a - +0 war axe
rCold    . . .     Faith    .   c - +0 kite shield
rNeg     + . .     Spirit   .   n - +0 ring mail
rPois    .         Reflect  .   (no helmet)
rElec    .         Harm     .   (no cloak)
rCorr    .         Rampage  .   (no gloves)
Will     .....                  (no barding)
Stlth    +.........             (no amulet)
HPRegen  0.16/turn              g - ring of positive energy
MPRegen  0.09/turn              h - ring of flight

@: lethally poisoned (-1 -> -15), berserk cooldown, slowed, very slow
A: large, rugged brown scales 3, see invisible, deformed body, roll 1, armoured
tail
a: Rolling Charge, Renounce Religion, Evoke Flight


You were on level 3 of the Dungeon.
You worshipped Trog.
Trog was noncommittal.
You visited 1 branch of the dungeon, and saw 3 of its levels.

You collected 184 gold pieces.


Innate Abilities, Weirdness & Mutations

You are completely covered in rugged brown scales. (AC +3, +7% HP)
You have supernaturally acute eyesight. (SInv)
Armour fits poorly on your strangely shaped body.
You can roll at nearby foes to attack.
You have a long armoured tail.


   Skills:
 + Level 4.1 Fighting
 * Level 4.5 Axes
 - Level 2.4 Armour
 - Level 2.4 Shields


You had 4 spell levels left.
You didn't know any spells.
Your spell library was empty.

Dungeon Overview and Level Annotations

Branches:
Dungeon (3/15)

Altars:
Ashenzari
Cheibriados
Kikubaaqudgha
Nemelex Xobeh
Okawaru
Qazlal
Ru
Trog
Uskayaw
Xom
The Shining One

Inventory:

Hand Weapons
 a - a +0 war axe (weapon)
Armour
 c - a +0 kite shield (worn)
 n - a +0 ring mail (worn)
   (You found it on level 2 of the Dungeon)
Jewellery
 f - an uncursed amulet of reflection {unknown}
   (You found it on level 1 of the Dungeon)
 g - a ring of positive energy (left hand)
   (You found it on level 1 of the Dungeon)
 h - a ring of flight (right hand)
   (You found it on level 1 of the Dungeon)
Scrolls
 b - a scroll of fog {unknown}
 e - 2 scrolls of teleportation {unknown}
 j - 3 scrolls of remove curse {unknown}
 l - a scroll of identify {unknown}
Potions
 d - 3 potions of might

##############
#............#
#....#######.#
#....# #.#
#....# #.#
#....# #.# ..
#....#######.#
.#
##'####......#
.# #@#
#......##.###
#†#
#...<..#.....


gyy #...........# #.y.. #...........+ #....####+##......# #....# #....... ##....
#....... #..... #....... #####..) You could see 3 killer bees and a goblin.


Message History

Here: a killer bee An open door.
You feel very mighty all of a sudden.
You barely miss the killer bee. You block the killer bee's attack.
The killer bee stings you. You block the killer bee's attack.
You take 4 damage, and have 31/35 hp.
You barely miss the killer bee.
The killer bee stings you but does no damage.
The killer bee stings you.
You are poisoned.
The killer bee poisons you! You block the killer bee's attack.
You take 4 damage, and have 27/35 hp.
Okay, then.
You miss the killer bee.
You feel sick.
The killer bee stings you but does no damage.
You block the killer bee's attack. The killer bee stings you!
You take 8 damage, and have 19/35 hp.
MASSIVE DAMAGE!!
It was a potion of lignification.
You turn into a tree.
Your +0 ring mail melds into your body.
Your roots penetrate the ground.
You block the killer bee's attack. x2
You now have 28/52 hp.
It was a potion of cancellation.
Your magical effects are unravelling.
You feel magically purged.
You feel less wooden.
Your +0 ring mail unmelds from your body.
You feel a little less mighty now.
You feel sick. You block the killer bee's attack. The killer bee stings you.
You are more poisoned.
The killer bee poisons you!
You now have 16/35 hp.
It was a potion of berserk rage.
A red film seems to cover your vision as you go berserk!
You feel yourself moving faster!
You feel mighty!
You feel sick. The killer bee stings you. The killer bee barely misses you.
You now have 17/52 hp.
You slice the killer bee!!
You kill the killer bee!
Trog accepts your kill. The killer bee barely misses you.
Your Axes skill increases to level 4!
You have reached level 4!
You feel agile.
You regained 4 hp, and now have 21/63 hp.
MP restored: 4 You hit the killer bee.
You feel sick. The killer bee barely misses you.
You block the killer bee's attack.
You take 1 damage, and have 20/63 hp.
You completely miss the killer bee.
You feel sick. You block the killer bee's attack. x2
Your ring mail prevents you from hitting the killer bee.
You feel sick. The killer bee stings you.
* * * LOW HITPOINT WARNING * * *
The killer bee stings you but does no damage.
You take 4 damage, and have 16/63 hp.
You barely miss the killer bee. The killer bee completely misses you.
You slash the killer bee!
You kill the killer bee!
Trog accepts your kill.
You feel sick. The killer bee closely misses you.
Your Fighting skill increases to level 4!
You have reached level 5!
You regained 2 hp, and now have 18/73 hp.
MP restored: 5 You miss the killer bee.
Your tail-slap misses the killer bee.
You block the killer bee's attack.
The killer bee stings you but does no damage.
You miss the killer bee.
You feel sick. You block the killer bee's attack.
The killer bee stings you but does no damage.
You take 1 damage, and have 17/73 hp.
You miss the killer bee.
Your tail-slap misses the killer bee.
You block the killer bee's attack. x2
You hit the killer bee.
You feel sick. You block the killer bee's attack. The killer bee stings you.
* * * LOW HITPOINT WARNING * * *
You are more poisoned.
The killer bee poisons you!
You take 7 damage, and have 10/73 hp.
You barely miss the killer bee.
You feel sick. The killer bee stings you.
* * * LOW HITPOINT WARNING * * *
You block the killer bee's attack.
You take 1 damage, and have 9/73 hp.
You completely miss the killer bee.
You feel sick. The killer bee barely misses you. The killer bee stings you.
* * * LOW HITPOINT WARNING * * *
You take 6 damage, and have 3/73 hp.
You slash the killer bee! The killer bee barely misses you.
The killer bee stings you.
* * * LOW HITPOINT WARNING * * *
You are more poisoned.
The killer bee poisons you!
You take 1 damage, and have 2/73 hp.
You slash the killer bee!
You kill the killer bee!
Trog accepts your kill.
You are no longer berserk.
You are exhausted.
You feel yourself slow down.
You die...

Action                   |  1- 3 |  4- 6 || total
-------------------------+-------+-------++-------
Melee: War axe           |    91 |    13 ||   104
       Tailslap          |     4 |       ||     4
 Abil: Rolling Charge    |    12 |       ||    12
  Use: Potion            |     4 |       ||     4
Armor: Scale mail        |    37 |       ||    37
       Ring mail         |     3 |     3 ||     6
Dodge: Dodged            |    16 |     5 ||    21
Block: Kite shield       |    44 |     9 ||    53

Levels and vault maps discovered:
D:1:      lightli_molten_gateway, layout_basic,
          nemelex_xobeh_ov_fountains_minmay
D:2:      layout_basic, lemuel_crystal_altar, minitemple, hex_medium
D:3:      layout_basic

Notes
Turn   | Place    | Note
-------+----------+-------------------------------------------
     0 | D:1      | weicynow the Palentonga Fighter began the quest for the
                  | Orb.
     0 | D:1      | Reached XP level 1. HP: 20/20 MP: 1/1
   262 | D:1      | Reached XP level 2. HP: 21/27 MP: 2/2
   708 | D:1      | Found a sparkling altar of Nemelex Xobeh.
   999 | D:2      | Reached skill level 3 in Axes
  1108 | D:2      | Found an iron altar of Okawaru.
  1114 | D:2      | Found a sacrificial altar of Ru.
  1116 | D:2      | Found a glowing golden altar of the Shining One.
  1116 | D:2      | Found a shimmering altar of Xom.
  1116 | D:2      | Found a hide-covered altar of Uskayaw.
  1117 | D:2      | Found a stormy altar of Qazlal.
  1118 | D:2      | Found a bloodstained altar of Trog.
  1120 | D:2      | Found a broken altar of Ashenzari.
  1121 | D:2      | Found a snail-covered altar of Cheibriados.
  1129 | D:2      | Became a worshipper of Trog the Wrathful
  1176 | D:2      | Found an ancient bone altar of Kikubaaqudgha.
  1258 | D:2      | Reached XP level 3. HP: 32/33 MP: 3/3
  2043 | D:3      | Noticed a killer bee
  2043 | D:3      | Noticed a killer bee
  2043 | D:3      | Noticed a killer bee
  2043 | D:3      | Noticed a killer bee
  2043 | D:3      | Noticed a killer bee
  2043 | D:3      | Noticed a killer bee
  2051 | D:3      | Killed a killer bee
  2052 | D:3      | Reached skill level 4 in Axes
  2052 | D:3      | Reached XP level 4. HP: 21/42 MP: 4/4
  2056 | D:3      | HP: 15/63 [poisoned by a killer bee]
  2057 | D:3      | Reached skill level 4 in Fighting
  2057 | D:3      | Reached XP level 5. HP: 18/49 MP: 5/5
  2061 | D:3      | HP: 10/73 [poisoned by a killer bee]
  2062 | D:3      | HP: 3/73 [killer bee (5)]
  2064 | D:3      | Succumbed to a killer bee's poison

Vanquished Creatures
  3 killer bees (D:3)
  2 adders
  2 oozes
  2 worms (D:2)
  A dart slug (D:2)
  An orc (D:2)
  3 giant cockroaches
  A goblin (D:1)
  A hobgoblin (D:1)
  4 jackals (D:2)
  3 bats
  4 frilled lizards (D:1)
  A kobold (D:2)
  4 rats
32 creatures vanquished.

Table legend: (Time is in decaauts)
 A = Elapsed time spent in this place.
 B = Non-inter-level travel time spent in this place.
 C = Inter-level travel time spent in this place.
 D = Time resting spent in this place.
 E = Time spent auto-exploring this place.
 F = Levels seen in this place.
 G = Mean time per level.
                   A        B        C        D        E       F      G
               +--------+--------+--------+--------+--------+-----+--------+
         Total |   2103 |   2053 |     50 |    239 |   1409 |   3 |  701.0 |
       Dungeon |   2103 |   2053 |     50 |    239 |   1409 |   3 |  701.0 |
               +--------+--------+--------+--------+--------+-----+--------+

Top non-repeatable levels by time:
     D:1: 1094 daAuts
     D:2: 906 daAuts
     D:3: 102 daAuts

Table legend:
 A = Kills in this place as a percentage of kills in entire the game.
 B = Kills by you in this place as a percentage of kills by you in the entire game.
 C = Kills by friends in this place as a percentage of kills by friends in the entire game.
 D = Other kills in this place as a percentage of other kills in the entire game.
 E = Experience gained in this place as a percentage of experience gained in the entire game.
 F = Experience gained in this place divided by the number of levels of this place that you have seen.
                   A       B       C       D       E      F
               +-------+-------+-------+-------+-------+----------------------
         Total | 100.0 | 100.0 |   N/A |   N/A | 100.0 |  90.7
       Dungeon | 100.0 | 100.0 |   N/A |   N/A | 100.0 |  90.7
               +-------+-------+-------+-------+-------+----------------------
